 Dungeon Crawl Stone Soup version 0.22.1-1-ga44c0e5 (webtiles) character file.

105863 Zebedee the Brawler (level 15, -5/126 HPs)
             Began as a Troll Monk on Oct 2, 2018.
             Was a High Priest of Ru.
             Slain by an orc warrior
             ... wielding a +0 hand axe
              (19 damage)
             ... on level 2 of the Orcish Mines.
             The game lasted 01:28:16 (24579 turns).

Zebedee the Brawler (Troll Monk)                   Turns: 24579, Time: 01:28:18

Health: -5/126     AC: 18    Str: 24    XL:     15   Next: 95%
Magic:  0/23       EV: 10    Int:  6    God:    Ru [*****.]
Gold:   2005       SH:  0    Dex: 14    Spells: 21/26 levels left

rFire    + . .     SeeInvis +     - Unarmed
rCold    . . .     Gourm    +   (no shield)
rNeg     . . .     Faith    .   n - +0 acid dragon scales
rPois    .         Spirit   +   O - +1 hat {SInv}
rElec    .         Reflect  .   t - +2 cloak
rCorr    +         Harm     .   (gloves unavailable)
MR       +....                  (boots unavailable)
Stlth    ..........             T - amulet of guardian spirit
HPRegen  0.71/turn              x - +2 ring of slaying
MPRegen  0.18/turn              v - +3 ring of protection

@: berserk cooldown, slowed, studying Polearms, drained, very slow
A: large, unfitting armour, claws 3, agile 1, fire resistance 1, fast metabolism
3, frail 1, gourmand, regeneration 1, shaggy fur 1, tough skin 2, weak 2, no
stealth, hated by all, no charms magic, no fire magic, no transmutations magic
a: Draw Out Power, Power Leap, Apocalypse, Renounce Religion


You were on level 2 of the Orcish Mines.
You worshipped Ru.
Ru was extremely pleased with you.
You were very full.

You visited 4 branches of the dungeon, and saw 24 of its levels.
You also visited: Ice Cave and Volcano.

You collected 2649 gold pieces.
You spent 644 gold pieces at shops.

Inventory:

Hand Weapons
 b - a +0 blowgun
 B - a +3 scimitar of flaming
Missiles
 g - 655 stones
 i - 135 poisoned needles
 w - 6 javelins
 y - 34 tomahawks
 X - 13 large rocks (quivered)
Armour
 n - +0 acid dragon scales (worn)
 t - a +2 cloak (worn)
 O - a +1 hat of see invisible (worn)
 S - a +0 cloak of cold resistance
Jewellery
 a - an uncursed ring of ice
 m - an uncursed ring of protection from fire
 q - an uncursed ring of ice
 v - a +3 ring of protection (right claw)
 x - a +2 ring of slaying (left claw)
 N - an uncursed ring of poison resistance
 P - an uncursed ring of wizardry
 T - an amulet of guardian spirit (around neck)
Wands
 r - a wand of iceblast (8)
 C - a wand of acid (8)
 I - a wand of paralysis (20)
 W - a wand of disintegration (19)
Scrolls
 d - 3 scrolls of identify
 e - 13 scrolls of teleportation
 f - 17 scrolls of remove curse
 p - 3 scrolls of magic mapping
 F - a scroll of silence
 H - 6 scrolls of fog
 J - a scroll of fear
Potions
 h - 7 potions of curing
 j - 2 potions of magic
 k - 8 potions of heal wounds
 o - a potion of berserk rage
 s - 3 potions of flight
 u - 2 potions of invisibility
 z - 7 potions of brilliance
 D - 3 potions of agility
 E - 3 potions of cancellation
 Q - 4 potions of might
 U - a potion of ambrosia
 Z - a potion of resistance
Books
 l - a manual of Polearms
Comestibles
 c - 56 rations


   Skills:
 * Level 7.1(6.4) Fighting
 + Level 0.9(0.3) Long Blades
 * Level 5.6(4.9) Throwing
 * Level 7.8(7.1) Armour
 - Level 2.4(1.8) Dodging
 + Level 20.2(19.3) Unarmed Combat
 - Level 6.0(5.3) Spellcasting
 * Level 2.6(2.0) Hexes
 - Level 5.6(4.9) Translocations
 + Level 1.2(0.6) Evocations


You had 21 spell levels left.
You knew the following spells:

 Your Spells              Type           Power        Failure   Level  Hunger
a - Blink                 Tloc           N/A          7%          2    ###....
b - Beastly Appendage     Tmut           #.....       34%         1    #......
c - Apportation           Tloc           #.....       4%          1    #......
d - Confusing Touch       Hex            #.....       16%         1    #......

Your spell library contained the following spells:

 Spells                   Type           Power        Failure   Level  Hunger
 Corona                   Hex            #......      16%         1    #......
 Slow                     Hex            #.......     22%         2    ###....
 Portal Projectile        Hex/Tloc       #.....       26%         3    ###....
 Magic Dart               Conj           #...         34%         1    #......
 Ensorcelled Hibernation  Hex/Ice        #.....       34%         2    ###....
 Confuse                  Hex            #.......     41%         3    ###....
 Tukima's Dance           Hex            #.......     41%         3    ###....
 Searing Ray              Conj           #.....       47%         2    ###....
 Dazzling Spray           Conj/Hex       #.....       56%         3    ###....
 Mephitic Cloud           Conj/Pois/Air  #.......     71%         3    ###....
 Force Lance              Conj/Tloc      #.......     77%         4    #####..
 Cause Fear               Hex            #.........   83%         4    #####..
 Fulminant Prism          Conj/Hex       #.........   92%         4    #####..
 Leda's Liquefaction      Hex/Erth       #.........   92%         4    #####..
 Iskenderun's Mystic Bla  Conj           #.......     98%         4    #####..
 Animate Skeleton         Necr           Unusable     N/A         1    N/A
 Summon Small Mammal      Summ           Unusable     N/A         1    N/A
 Call Imp                 Summ           Unusable     N/A         2    N/A
 Sticks to Snakes         Tmut           Unusable     N/A         2    N/A
 Inner Flame              Hex/Fire       Unusable     N/A         3    N/A
 Conjure Flame            Conj/Fire      Unusable     N/A         3    N/A
 Spider Form              Tmut/Pois      Unusable     N/A         3    N/A
 Ice Form                 Ice/Tmut       Unusable     N/A         4    N/A
 Blade Hands              Tmut           Unusable     N/A         5    N/A

Dungeon Overview and Level Annotations

Branches:
Dungeon (15/15)            Temple (1/1) D:4            Lair (6/6) D:8
 Shoals (0/4) Lair:4        Snake (0/4) Lair:2        Slime (0/5) Lair:6
    Orc (2/2) D:11         Vaults (0/5) D:13         Depths (0/5) D:15
    Elf: Orc:2

Altars:
Ashenzari
Cheibriados
Dithmenos
Elyvilon
Fedhas
Gozag
Hepliaklqana
Kikubaaqudgha
Makhleb
Nemelex Xobeh
Qazlal
Ru
Trog
Uskayaw
Vehumet
Wu Jian
Xom
Yredelemnul
The Shining One
Lugonu

Shops:
D:5 :   D:10 (   Orc:2 =[*(

Annotations:
D:11 2 runed doors, exclusion: downstairs, troglodite's ghost, journeyman DsBe
D:14 exclusion: Roxanne, Roxanne


Innate Abilities, Weirdness & Mutations

You are too large for most types of armour.
You have claws for hands.
Your metabolism is lightning-fast.
You are frail. (-10% HP)
You like to eat raw meat.
Your natural rate of healing is unusually fast.
You are covered in fur. (AC +1)
You have very tough skin. (AC +2)
You are very weak. (Str -4)
You cannot be stealthy.
You are hated by all.
You cannot study or cast Charms magic.
You cannot study or cast Fire magic.
You cannot study or cast Transmutations magic.
You are agile. (Dex +2)
Your flesh is heat resistant. (rF+)


Message History

The orc warlord hits you with a war axe of chopping!
The orc warrior completely misses you. The orc warlord blocks your attack.
The orc warlord is heavily wounded.
The orc warlord roars a battlecry!
The orc warrior goes into a battle-frenzy!
The orc warrior barely misses you. The orc warlord blocks your attack.
The orc warlord is heavily wounded.
The orc warlord hits you with a war axe of chopping!!
* * * LOW HITPOINT WARNING * * *
The orc warrior barely misses you.
The orc warrior hits you but does no damage.
You scratch the orc warlord but do no damage.
The orc warlord is heavily wounded.
The orc warlord hits you with a war axe of chopping!
* * * LOW HITPOINT WARNING * * *
x2 You focus your will and illuminate the orc warlord in retribution!
The orc warrior hits you with a hand axe!!
You die...

#.## ##.###...#..#.#.### ####..##
#...#.............. ##.##...#
##..............P.. ##......####
##.............P..
##..........###.................
#......#...##.##.#..............
#.....###.....##.#)............∩
#......###...##oo.)........P....
.#....#####...)#@o#.o#.....P.....
......###.#...#(######...o..P....
####.........#### #....#..)..P
#........## ##...####...
#.........# ##.## #.(..
###......## ### ##(.. # #......##
##(o ######.......## ##..
.##........o..## #...


You could see an orc warlord and 2 orc warriors.

Vanquished Creatures
  Gastronok (Lair:3)
  A frost giant (IceCv)
  Nessos (D:12)
  A red draconian (Volcano)
  Snorg (D:14)
  An ettin (Orc:1)
  2 fire dragons (D:15)
  3 hydras
  Harold (D:8)
  2 catoblepae
  Erica (D:7)
  3 centaur warriors
  16 two-headed ogres
  2 ogre magi
  A death yak (Lair:6)
  Urug (Orc:1)
  4 tengu warriors
  3 orc high priests (Orc:2)
  A wizard (D:14)
  A deep troll (D:14)
  2 unseen horrors
  A phantasmal warrior (D:13)
  A lindwurm (Lair:3)
  Pikel (D:5)
  A necromancer (D:13)
  7 orc knights
  A deep elf mage (D:14)
  2 oklob plants (Lair:6)
  14 ugly things
  4 orc sorcerers
  5 cyclopes
  10 elephants
  A salamander (shapeshifter) (D:15)
  2 ice statues (IceCv)
  6 black mambas
  A centaur zombie (D:15)
  2 torpor snails
  15 spiny frogs
  2 gargoyles
  An efreet (D:14)
  A rime drake (Lair:5)
  7 komodo dragons
  4 kobold demonologists
  2 ice devils (Lair:5)
  2 tengu conjurers
  3 meliai (D:14)
  22 polar bears
  A queen bee (Lair:3)
  6 trolls
  3 hornets
  3 tyrant leeches (Lair:6)
  8 blink frogs (Lair:6)
  Prince Ribbit (D:5)
  9 dream sheep (Lair:5)
  3 slime creatures (D:13)
  12 hippogriffs
  A vampire (D:15)
  A redback (D:14)
  7 wyverns
  40 yaks
  A hog (shapeshifter) (D:14)
  2 basilisks
  6 vampire mosquitoes (Lair:6)
  A hungry ghost (D:15)
  7 wargs
  Edmund (D:4)
  An acid dragon (D:13)
  20 water moccasins
  8 porcupines
  A black bear (Lair:2)
  A hornet zombie (D:13)
  21 orc warriors
  6 ice beasts
  4 slaves (D:5)
  3 sky beasts
  A phantom (D:6)
  21 wolves
  10 ogres
  2 necrophages
  8 centaurs
  11 crocodiles
  Blork the orc (D:5)
  4 big kobolds
  40 bullfrogs
  A wyvern skeleton (D:10)
  8 scorpions
  31 killer bees
  19 wights
  6 electric eels
  2 howler monkeys
  5 crimson imps
  2 quasits
  3 bullfrog zombies
  3 hounds
  4 jellies
  25 orc wizards
  2 bullfrog skeletons
  7 orc priests
  3 centaur skeletons
  4 hell rats (Lair:2)
  6 iguanas
  8 worker ants
  A killer bee zombie (D:8)
  A hound zombie (D:11)
  A hound skeleton (D:11)
  3 howler monkey zombies
  2 worker ant zombies
  13 adders
  2 shadow imps
  2 oozes
  2 adder zombies
  An adder skeleton (D:8)
  3 worms
  2 dart slugs
  4 leopard geckos
  65 orcs
  6 giant cockroaches
  4 goblins
  3 hobgoblins
  4 jackals (D:4)
  5 quokkas
  2 ball pythons
  7 bats
  3 frilled lizards
  A giant cockroach zombie (D:5)
  A jackal zombie (D:5)
  23 kobolds
  A leopard gecko skeleton (D:5)
  2 quokka skeletons
  6 rats
752 creatures vanquished.

Vanquished Creatures (others)
  2 hydras
  A rime drake (Lair:2)
  A blink frog (Lair:6)
  An orc warrior (Orc:2)
  An orc (D:15)
  A kobold (D:11)
  A fire vortex (Lair:2)
  11 fungi
  31 plants
50 creatures vanquished.

Grand Total: 802 creatures vanquished

Notes
Turn   | Place    | Note
-------+----------+-------------------------------------------
     0 | D:1      | Zebedee the Troll Monk began the quest for the Orb.
     0 | D:1      | Reached XP level 1. HP: 22/22 MP: 0/0
   206 | D:1      | Reached XP level 2. HP: 29/29 MP: 1/1
   761 | D:2      | Reached XP level 3. HP: 33/36 MP: 2/2
   775 | D:2      | Reached skill level 4 in Unarmed Combat
  1032 | D:2      | Reached XP level 4. HP: 36/45 MP: 3/3
  1916 | D:4      | Reached skill level 5 in Unarmed Combat
  1916 | D:4      | Reached XP level 5. HP: 53/53 MP: 4/4
  2011 | D:4      | Reached skill level 6 in Unarmed Combat
  2011 | D:4      | Reached XP level 6. HP: 53/61 MP: 5/5
  2122 | D:4      | Noticed Edmund
  2141 | D:4      | Killed Edmund
  2141 | D:4      | Reached skill level 7 in Unarmed Combat
  2300 | D:4      | Found a staircase to the Ecumenical Temple.
  2694 | D:5      | Entered Level 5 of the Dungeon
  2786 | D:5      | Noticed Prince Ribbit
  2797 | D:5      | Killed Prince Ribbit
  2797 | D:5      | Reached skill level 8 in Unarmed Combat
  2797 | D:5      | Reached XP level 7. HP: 11/68 MP: 6/6
  3104 | D:5      | Noticed Pikel
  3305 | D:5      | Killed Pikel
  3305 | D:5      | Reached skill level 9 in Unarmed Combat
  3305 | D:5      | Reached XP level 8. HP: 56/78 MP: 7/7
  3481 | D:5      | Noticed Blork the orc
  3489 | D:5      | Killed Blork the orc
  3489 | D:5      | Reached skill level 10 in Unarmed Combat
  3523 | D:5      | Found Peiwn's Book Shop.
  3705 | D:5      | Found a snail-covered altar of Cheibriados.
  4604 | D:6      | Reached skill level 11 in Unarmed Combat
  4865 | D:7      | Reached XP level 9. HP: 74/84 MP: 8/8
  5510 | Temple   | Entered the Ecumenical Temple
  5593 | Temple   | Became a worshipper of Ru the Awakened
  5608 | Temple   | Gained mutation: You are weak. (Str -2) [Ru sacrifice]
  5727 | D:8      | Reached skill level 12 in Unarmed Combat
  5856 | D:8      | Noticed a cyclops
  5866 | D:8      | Killed a cyclops
  5931 | D:8      | Reached skill level 13 in Unarmed Combat
  5947 | D:8      | Noticed Erica
  5947 | D:8      | Noticed a two-headed ogre
  6034 | D:7      | HP: 4/84 [poisoned by Erica (bolt of poison)]
  6037 | D:7      | Killed Erica
  6037 | D:7      | Reached XP level 10. HP: 8/94 MP: 9/9
  6217 | D:8      | Killed a two-headed ogre
  6217 | D:8      | Reached skill level 14 in Unarmed Combat
  6320 | D:8      | Learned a level 2 spell: Blink
  6534 | D:8      | Noticed Harold
  6548 | D:8      | Killed Harold
  6548 | D:8      | Reached skill level 1 in Translocations
  6705 | D:8      | Reached skill level 1 in Spellcasting
  6712 | D:8      | Found a staircase to the Lair.
  7411 | D:10     | Entered Level 10 of the Dungeon
  7441 | D:10     | Noticed a two-headed ogre
  7455 | D:10     | Killed a two-headed ogre
  7569 | D:10     | Reached skill level 15 in Unarmed Combat
  7589 | D:10     | Reached XP level 11. HP: 94/101 MP: 12/12
  7615 | D:10     | Found Seran's Weapon Shop.
  7621 | D:10     | Noticed a two-headed ogre
  7630 | D:10     | Killed a two-headed ogre
  7645 | D:10     | Reached skill level 1 in Armour
  7702 | D:10     | Gained mutation: You are occasionally teleported next to
                  | monsters. [potion of mutation]
  7702 | D:10     | Gained mutation: You have a beak for a mouth. [potion of
                  | mutation]
  7702 | D:10     | Gained mutation: You are surrounded by a mild repulsion
                  | field. (EV +2) [potion of mutation]
  7703 | D:10     | Lost mutation: You are occasionally teleported next to
                  | monsters. [potion of mutation]
  7703 | D:10     | Lost mutation: You are surrounded by a mild repulsion
                  | field. (EV +2) [potion of mutation]
  7703 | D:10     | Gained mutation: You are occasionally teleported next to
                  | monsters. [potion of mutation]
  7703 | D:10     | Gained mutation: Your mind is acute. (Int +2) [potion of
                  | mutation]
  7797 | D:10     | Gained mutation: You are hated by all. [Ru sacrifice]
  7797 | D:10     | Reached * piety under Ru
  7797 | D:10     | Reached ** piety under Ru
  7902 | D:10     | Noticed an unseen horror
  7909 | D:10     | Killed an unseen horror
  8591 | D:11     | Found a runed door.
  8746 | D:11     | Found a runed door.
  8859 | D:11     | Noticed a lich
  8860 | D:11     | Noticed a phantasmal warrior
  8861 | D:11     | Noticed an ettin
  8861 | D:11     | Noticed a deep elf mage
  8861 | D:11     | Noticed a skeletal warrior
  8862 | D:11     | Noticed a skeletal warrior
  8862 | D:11     | Noticed a necromancer
  8990 | D:11     | Found a staircase to the Orcish Mines.
  9449 | D:11     | Noticed troglodite's ghost (journeyman DsBe)
  9673 | D:11     | Gained mutation: You cannot be stealthy. [Ru sacrifice]
  9673 | D:11     | Reached *** piety under Ru
  9795 | D:12     | Noticed a brown ugly thing
  9799 | D:12     | Killed a brown ugly thing
  9853 | D:12     | Reached skill level 16 in Unarmed Combat
 10001 | D:12     | Noticed a white ugly thing
 10009 | D:12     | Noticed Nessos
 10013 | D:12     | Killed a white ugly thing
 10026 | D:12     | Killed Nessos
 10026 | D:12     | Reached XP level 12. HP: 40/110 MP: 5/15
 10274 | D:12     | Reached skill level 5 in Fighting
 11142 | D:13     | Noticed a catoblepas
 11171 | D:13     | Killed a catoblepas
 11403 | D:13     | Noticed a seven-headed hydra
 11818 | D:13     | Noticed a tengu warrior
 11831 | D:13     | Killed a tengu warrior
 11901 | D:13     | Noticed a four-headed hydra
 11912 | D:13     | Killed a six-headed hydra
 11926 | D:13     | Noticed a two-headed ogre
 11937 | D:13     | Killed a two-headed ogre
 11937 | D:13     | Reached skill level 17 in Unarmed Combat
 11977 | D:13     | Reached skill level 1 in Throwing
 11977 | D:13     | Reached skill level 5 in Translocations
 12074 | D:13     | Found a gate to the Vaults.
 12388 | D:14     | Noticed Roxanne
 12436 | D:14     | Found a corrupted altar of Lugonu.
 12487 | D:14     | Reached skill level 1 in Evocations
 12636 | D:14     | Reached XP level 13. HP: 84/118 MP: 11/17
 12702 | D:14     | Reached skill level 5 in Armour
 12948 | D:14     | Noticed Snorg
 12979 | D:14     | Killed Snorg
 13232 | D:14     | Learned a level 1 spell: Beastly Appendage
 13501 | D:15     | Entered Level 15 of the Dungeon
 13682 | D:15     | Reached skill level 18 in Unarmed Combat
 13713 | D:15     | Reached skill level 1 in Transmutations
 14137 | D:15     | Reached XP level 14. HP: 87/127 MP: 19/19
 14764 | D:15     | Found a staircase to the Depths.
 15116 | Lair:1   | Entered Level 1 of the Lair of Beasts
 15964 | Lair:2   | Found a dark tunnel.
 15993 | Lair:2   | Reached skill level 5 in Spellcasting
 16006 | Volcano  | Entered a volcano
 16179 | Volcano  | Found a burning altar of Makhleb.
 16545 | Lair:2   | Reached skill level 19 in Unarmed Combat
 16558 | Lair:2   | HP: 6/128 [hell rat (5)]
 17028 | Lair:2   | Found a staircase to the Snake Pit.
 17397 | Lair:3   | Found a basalt altar of Yredelemnul.
 17943 | Lair:3   | Noticed Gastronok
 17953 | Lair:3   | Killed Gastronok
 18943 | D:5      | Bought a book of Cantrips for 300 gold pieces
 18945 | D:5      | Learned a level 1 spell: Apportation
 18947 | D:5      | Learned a level 1 spell: Confusing Touch
 19076 | Lair:4   | Found a staircase to the Shoals.
 19282 | Lair:5   | Found a frozen archway.
 19296 | IceCv    | Entered an ice cave
 19349 | IceCv    | Reached XP level 15. HP: 101/136 MP: 17/22
 19588 | IceCv    | Noticed a frost giant
 19605 | IceCv    | Killed a frost giant
 19869 | IceCv    | Lost mutation: Your mind is acute. (Int +2) [potion of
                  | mutation]
 19869 | IceCv    | Lost mutation: You have a beak for a mouth. [potion of
                  | mutation]
 19869 | IceCv    | Lost mutation: You are occasionally teleported next to
                  | monsters. [potion of mutation]
 19869 | IceCv    | Gained mutation: You are occasionally teleported next to
                  | monsters. [potion of mutation]
 19869 | IceCv    | Gained mutation: You are very weak. (Str -4) [potion of
                  | mutation]
 19869 | IceCv    | Gained mutation: Your mind is acute. (Int +2) [potion of
                  | mutation]
 19869 | IceCv    | Gained mutation: Your mind is very acute. (Int +4) [potion
                  | of mutation]
 19870 | IceCv    | Lost mutation: You are very weak. (Str -4) [potion of
                  | mutation]
 19870 | IceCv    | Lost mutation: You are occasionally teleported next to
                  | monsters. [potion of mutation]
 19870 | IceCv    | Lost mutation: Your mind is very acute. (Int +4) [potion of
                  | mutation]
 19870 | IceCv    | Lost mutation: Your mind is acute. (Int +2) [potion of
                  | mutation]
 19870 | IceCv    | Gained mutation: You are dopey. (Int -2) [potion of
                  | mutation]
 19870 | IceCv    | Gained mutation: Your flesh is heat resistant. (rF+)
                  | [potion of mutation]
 19871 | IceCv    | Lost mutation: Your flesh is heat resistant. (rF+) [potion
                  | of mutation]
 19871 | IceCv    | Lost mutation: You are dopey. (Int -2) [potion of mutation]
 19871 | IceCv    | Gained mutation: You are very weak. (Str -4) [potion of
                  | mutation]
 19871 | IceCv    | Gained mutation: Your flesh is heat resistant. (rF+)
                  | [potion of mutation]
 19871 | IceCv    | Gained mutation: You are agile. (Dex +2) [potion of
                  | mutation]
 20110 | Lair:5   | Reached skill level 1 in Hexes
 20158 | Lair:5   | Identified a scroll of acquirement
 20989 | Lair:6   | Entered Level 6 of the Lair of Beasts
 21475 | Lair:6   | Reached skill level 5 in Throwing
 21955 | Lair:6   | Found a staircase to the Slime Pits.
 22062 | Lair:6   | Gained mutation: You cannot study or cast Fire magic. [Ru
                  | sacrifice]
 22062 | Lair:6   | Gained mutation: You cannot study or cast Transmutations
                  | magic. [Ru sacrifice]
 22062 | Lair:6   | Gained mutation: You cannot study or cast Charms magic. [Ru
                  | sacrifice]
 22062 | Lair:6   | Reached **** piety under Ru
 22340 | Lair:6   | Got an iridescent quarterstaff
 22341 | Lair:6   | Identified the +7 quarterstaff "Ezudir" {vamp, rPois MR+}
                  | (You found it on level 6 of the Lair of Beasts)
 22501 | Lair:6   | Reached skill level 20 in Unarmed Combat
 23053 | Orc:1    | Entered Level 1 of the Orcish Mines
 23206 | Orc:1    | Noticed Urug
 23214 | Orc:1    | Killed Urug
 23443 | Orc:2    | Entered Level 2 of the Orcish Mines
 23443 | Orc:2    | Found Utahuat's Jewellery Boutique.
 23681 | Orc:2    | Bought a +2 ring of slaying for 294 gold pieces
 23800 | Orc:2    | Paralysed by an orc sorcerer for 5 turns
 24312 | Orc:2    | Found Qegidack's Antique Armour Boutique.
 24323 | Orc:2    | Gained mutation: You are frail. (-10% HP) [Ru sacrifice]
 24323 | Orc:2    | Reached ***** piety under Ru
 24330 | Orc:2    | Found Wapa's Antique Weapon Emporium.
 24426 | Orc:2    | Bought a blowgun for 50 gold pieces
 24461 | Orc:2    | Noticed an orc warlord
 24475 | Orc:2    | Found Hunigoj's General Store.
 24579 | Orc:2    | Slain by an orc warrior

Skill      XL: |  1  2  3  4  5  6  7  8  9 10 11 12 13 14 15 |
---------------+----------------------------------------------+-----
Fighting       | 3 4 5 6 7 |  7.1
Unarmed Combat | 4 5 6 8 9 11 13 15 16 17 18 19 20 | 20.2
Translocations | 2 4 5 |  5.6
Spellcasting   | 1 2 3 4 5 6 |  6.0
Armour         | 3 4 6 7 |  7.8
Stealth        | 0 |  0.0
Throwing       | 1 2 4 5 |  5.6
Evocations     | 1 |  1.2
Transmutations | 2 3 0 |  0.0
Hexes          | 2 |  2.6
Long Blades    | |  0.9
Dodging        | |  2.4

Action                   |  1- 3 |  4- 6 |  7- 9 | 10-12 | 13-15 || total
-------------------------+-------+-------+-------+-------+-------++-------
Melee: Unarmed           |   103 |   131 |   207 |   633 |  1294 ||  2368
       Punch             |     1 |     2 |    10 |    48 |   136 ||   197
       Peck              |       |       |       |    75 |   162 ||   237
       Scimitar          |       |       |       |     6 |     1 ||     7
       Kick              |       |       |       |       |     2 ||     2
Throw: Javelin           |       |       |       |     7 |       ||     7
       Stone             |       |       |       |     4 |       ||     4
       Large rock        |       |       |       |       |     3 ||     3
 Cast: Blink             |       |       |       |     1 |       ||     1
       Beastly Appendage |       |       |       |       |     2 ||     2
       Confusing Touch   |       |       |       |       |     3 ||     3
Invok: Sacrifice Purity  |       |       |     1 |       |       ||     1
       Sacrifice Stealth |       |       |       |     1 |       ||     1
       Sacrifice Love    |       |       |       |     1 |       ||     1
       Reject Sacrifices |       |       |       |     1 |     1 ||     2
       Power Leap        |       |       |       |       |     1 ||     1
       Sacrifice Health  |       |       |       |       |     1 ||     1
       Sacrifice Arcana  |       |       |       |       |     1 ||     1
Evoke: Wand              |       |       |       |    11 |     6 ||    17
  Use: Scroll            |       |       |    14 |     7 |    21 ||    42
       Potion            |       |       |     2 |     7 |     9 ||    18
 Stab: Sleeping          |     1 |     1 |     1 |       |       ||     3
       Invisible         |       |       |       |     3 |     6 ||     9
       Paralysed         |       |       |       |     2 |     8 ||    10
       Distracted        |       |       |       |     2 |     1 ||     3
       Petrifying        |       |       |       |     1 |       ||     1
       Confused          |       |       |       |       |     1 ||     1
  Eat: Chunk             |    15 |    15 |    29 |    59 |   111 ||   229
Armor: Robe              |    62 |    33 |    62 |   113 |       ||   270
       Troll leather arm |       |       |       |    87 |       ||    87
       Acid dragon scale |       |       |       |    93 |   587 ||   680
Dodge: Dodged            |    60 |    65 |    92 |   265 |   571 ||  1053
       Rpst.: Scimitar   |       |       |       |     2 |       ||     2
